 Dungeon Crawl Stone Soup version 0.17-a0-1020-ge683cc4 (console) character file.

3999 Monkaria the Carver (level 10, 0/79 HPs)
             Began as a Demonspawn Chaos Knight on May 14, 2015.
             Slain by a blink frog (13 damage)
             ... on level 1 of the Lair of Beasts.
             The game lasted 00:19:00 (7188 turns).

Monkaria the Carver (Demonspawn Chaos Knight)       Turns: 7188, Time: 00:19:00

Health: 0/79       AC: 16    Str: 20    XL:     10   Next: 3%
Magic:  11/11      EV: 11    Int: 20    God:    Xom [......]
Gold:   308        SH:  0    Dex: 12    Spells: 0 memorised, 9 levels left

rFire  . . .     SeeInvis +     E - +0 long sword
rCold  . . .     Clarity  +     e - +4 ring mail
rNeg   . . .     SustAb   .     (no shield)
rPois  .         Gourm    .     (helmet restricted)
rElec  .         Spirit   .     s - +0 cloak
rCorr  .         Warding  .     (no gloves)
rMut   .         Stasis   .     (boots unavailable)
MR     .....                    (no amulet)
Stlth  +.........               o - +1 ring of slaying
                                B - +3 ring of intelligence

@: mighty, not resistant to hostile enchantments, very unstealthy
A: horns 1, talons 3, iridescent scales 1, see invisible, blink 1, clarity,
clever 1, high mp 1, mutation resistance 1, sense surroundings 1, powered by
pain 1, MP-powered wands
a: Blink, Renounce Religion


You were on level 1 of the Lair of Beasts.
You worshipped Xom.
You were a very special plaything of Xom.
You were not hungry.

You visited 3 branches of the dungeon, and saw 10 of its levels.

You collected 399 gold pieces.
You spent 91 gold pieces at shops.

Inventory:

Hand weapons
 b - a +0 blowgun
 w - the cursed +7 long sword "Ilueptok" {venom, rPois rC- Dex-5 SInv}
   (You found it on level 6 of the Dungeon)

   It poisons the flesh of those it strikes.
   It affects your dexterity (-5).
   It makes you vulnerable to cold.
   It protects you from poison.
   It enhances your eyesight.
   It has a curse placed upon it.
 E - a +0 long sword (weapon)
Missiles
 m - 6 poisoned needles
 u - 2 needles of paralysis
Armour
 e - a +4 ring mail (worn)
 s - a +0 cloak (worn)
Jewellery
 o - a +1 ring of slaying (right hand)
 B - a +3 ring of intelligence (left hand)
Magical devices
 A - a wand of enslavement (3)
Scrolls
 g - a scroll of remove curse
 i - 3 scrolls of magic mapping {unknown}
 j - 2 scrolls of noise {unknown}
 k - 3 scrolls of immolation {unknown}
 l - 2 scrolls of blinking {unknown}
 v - 2 scrolls of random uselessness {unknown}
 x - 2 scrolls of fear {unknown}
 z - a scroll of enchant armour {unknown}
 F - 3 scrolls of enchant weapon {unknown}
 L - a scroll of torment {unknown}
 N - a scroll of amnesia {unknown}
Potions
 d - a potion of curing
 h - a potion of magic {unknown}
 n - 2 potions of flight
 t - a potion of ambrosia
 C - 2 potions of berserk rage
 D - a potion of agility
 I - 2 potions of heal wounds
Comestibles
 a - 3 fruits
 c - 6 bread rations
 f - a beef jerky


   Skills:
 - Level 7.1 Fighting
 + Level 9.3 Long Blades
 - Level 8.1 Armour
 - Level 0.8 Dodging


You had 9 spell levels left.
You didn't know any spells.

Dungeon Overview and Level Annotations

Branches:
Dungeon (8/15)             Temple (1/1) D:5            Lair (1/8) D:8

Altars:
Ashenzari
Dithmenos
Elyvilon
Fedhas
Gozag
Kikubaaqudgha
Makhleb
Nemelex Xobeh
Okawaru
Qazlal
Ru
Sif Muna
Trog
Vehumet
Xom
Yredelemnul
Zin
The Shining One

Shops:
D:4 ?


Innate Abilities, Weirdness & Mutations

You have claws for feet.
You are partially covered in iridescent scales (AC +4).
You sometimes gain a little power by taking damage.
You have a pair of small horns on your head.
You have supernaturally acute eyesight.
You can translocate small distances at will.
You possess an exceptional clarity of mind.
Your mind is acute. (Int +2)
You have an increased reservoir of magic (+10% MP).
You are somewhat resistant to further mutation.
You passively map a small area around you.
You expend magic power (3 MP) to strengthen your wands.


Message History

You slash the blink frog! Your kick misses the blink frog.
The blink frog is heavily wounded.
The blink frog blinks!
The blink frog hits you!
The blink frog blinks!
The blink frog blinks!
The blink frog hits you but does no damage.
The blink frog blinks!
The blink frog misses you. The blink frog hits you!
* * * LOW HITPOINT WARNING * * *
You focus on the pain.
You feel very mighty all of a sudden.
The blink frog blinks!
The blink frog blinks! x2
The blink frog blinks! x3
The blink frog blinks!
The blink frog momentarily phases out as your attack passes through it.
Your kick misses the blink frog.
Your headbutt passes through the blink frog as it momentarily phases out.
The blink frog blinks!
The blink frog hits you!
You die...
Xom is highly amused!

#.....##...#P.....##.####....#
##...###.####................#
#...# #.## #.................
#...###..###.................
#............................
#............................
##........(................[..
#.............................
##...P######.@...#..#####....#
#.........#.F...##.## ,
#...#.....#.....#P...
#........P..........
#...+.....P.....##...
#...#.....#..§...[...
#.........#.....#P..., ,,
#...P.....#..F..#####* ,
#.....#§..#.....#####.* ,


You could see 2 blink frogs.

Vanquished Creatures
  A spiny frog (Lair:1)
  A komodo dragon (D:8)
  A steam dragon (D:8)
  A wolf (Lair:1)
  A porcupine (Lair:1)
  A black bear (D:8)
  4 ice beasts
  A necrophage (D:7)
  5 ogres
  3 centaurs
  A big kobold (D:5)
  A crocodile (Lair:1)
  6 giant frogs
  2 scorpions
  A water moccasin skeleton (D:6)
  4 crimson imps
  A jelly (D:7)
  A giant frog zombie (D:5)
  4 hounds
  2 centaur zombies (D:5)
  2 giant frog skeletons (D:8)
  3 orc wizards
  3 iguanas (D:6)
  An orc priest (D:5)
  Natasha (twice) (D:4)
  6 worker ants
  A killer bee zombie (D:8)
  A shadow imp (D:5)
  3 adders
  A white imp (D:7)
  An ooze (D:1)
  An adder zombie (D:6)
  2 giant geckos
  10 orcs
  20 bats
  A bat (shapeshifter) (D:1)
  3 bat skeletons
  12 hobgoblins
  7 jackals
  10 kobolds
  3 quokkas
  2 ball pythons
  5 giant cockroaches
  5 giant newts
  11 goblins
  A quokka zombie (D:5)
  16 rats
  2 fungi (D:6)
177 creatures vanquished.

Vanquished Creatures (collateral kills)
  5 wolves (Lair:1)
  A necrophage (D:8)
  An iguana (D:4)
  A worm (D:4)
  A bat (D:4)
9 creatures vanquished.

Vanquished Creatures (others)
  A quasit (Lair:1)
  2 ufetubi (Lair:1)
  An orc (D:5)
  A fungus (D:6)
  2 plants (D:8)
7 creatures vanquished.

Grand Total: 193 creatures vanquished

Notes
Turn   | Place    | Note
--------------------------------------------------------------
     0 | D:1      | Monkaria the Demonspawn Chaos Knight began the quest for the Orb.
     0 | D:1      | Reached XP level 1. HP: 18/18 MP: 1/1
   105 | D:1      | XOM: butterfly on damage
   160 | D:1      | Gained mutation: You have sharp toenails. [demonic ancestry]
   160 | D:1      | Reached XP level 2. HP: 16/24 MP: 2/2
   363 | D:1      | XOM: harmless Chrm miscast
   370 | D:1      | Reached skill level 4 in Fighting
   403 | D:1      | Gained mutation: You have razor-sharp toenails. [mutagenic meat]
   404 | D:1      | Gained mutation: Your mind is acute. (Int +2) [mutagenic meat]
   405 | D:1      | Gained mutation: You expend magic power (3 MP) to strengthen your wands. [mutagenic meat]
   406 | D:1      | Gained mutation: You possess an exceptional clarity of mind. [mutagenic meat]
   437 | D:1      | XOM: divination: detect items
   739 | D:1      | Reached XP level 3. HP: 30/30 MP: 3/3
   882 | D:1      | XOM: divination: detect creatures
   891 | D:1      | XOM: mild Air miscast
   891 | D:1      | XOM: smoke on damage
   975 | D:1      | XOM: severe Hex miscast
  1033 | D:2      | XOM: give mutation
  1033 | D:2      | Gained mutation: You have claws for feet. [Xom's mischief]
  1355 | D:2      | XOM: vitrification
  1513 | D:3      | Reached XP level 4. HP: 37/37 MP: 4/4
  1513 | D:3      | XOM: give mutations
  1513 | D:3      | Gained mutation: You have a pair of small horns on your head. [Xom's grace]
  1513 | D:3      | Gained mutation: You evolve. [Xom's grace]
  1513 | D:3      | Gained mutation: You passively map a small area around you. [Xom's grace]
  1580 | D:3      | XOM: god gift: 22 poisoned bolts
  1651 | D:3      | XOM: give mutations
  1651 | D:3      | Gained mutation: You have supernaturally acute eyesight. [Xom's grace]
  1651 | D:3      | Gained mutation: You can translocate small distances at will. [Xom's grace]
  1651 | D:3      | Gained mutation: You have an increased reservoir of magic (+10% MP). [Xom's grace]
  1651 | D:3      | Lost mutation: You evolve. [Xom's grace]
  1651 | D:3      | Gained mutation: You are somewhat resistant to further mutation. [Xom's grace]
  1840 | D:4      | Noticed an ogre
  1844 | D:4      | Found Omigy's Magic Scroll Emporium.
  1847 | D:4      | XOM: confuse monster(s)
  1863 | D:4      | Killed an ogre
  1863 | D:4      | Reached XP level 5. HP: 42/42 MP: 5/5
  1899 | D:4      | XOM: confuse monster(s)
  1909 | D:4      | Reached skill level 5 in Long Blades
  1930 | D:4      | HP: 2/42 [poisoned by a scorpion]
  2180 | D:4      | XOM: 8-stop teleportation journey
  2188 | D:4      | XOM: summons friendly rust devil
  2207 | D:4      | Bought a scroll of remove curse for 39 gold pieces
  2207 | D:4      | Bought a scroll of identify for 26 gold pieces
  2207 | D:4      | Bought a scroll of identify for 26 gold pieces
  2231 | D:4      | Noticed Natasha
  2233 | D:4      | Killed Natasha
  2262 | D:4      | Gained mutation: You are partially covered in iridescent scales (AC +4). [demonic ancestry]
  2262 | D:4      | Reached XP level 6. HP: 32/48 MP: 6/6
  2352 | D:4      | Noticed Natasha
  2359 | D:4      | Killed Natasha
  2365 | D:4      | Got a silken robe
  2509 | D:4      | Identified the cursed +1 robe "Denneffo" {+Blink rN+ Dex+6 Slay-4} (You found it on level 4 of the Dungeon)
  2551 | D:5      | Entered Level 5 of the Dungeon
  2614 | D:5      | XOM: destruction
  2652 | D:5      | HP: 2/49 [poisoned by a centaur]
  2658 | D:5      | HP: 2/49 [poisoned by a centaur]
  2664 | D:5      | HP: 2/49 [poisoned by a centaur]
  2961 | D:5      | XOM: fake destruction
  3005 | D:5      | XOM: enchant monster (good)
  3015 | D:5      | Reached skill level 5 in Fighting
  3024 | D:5      | XOM: divination: detect items
  3033 | D:5      | Gained mutation: You sometimes gain a little power by taking damage. [demonic ancestry]
  3033 | D:5      | Reached XP level 7. HP: 44/57 MP: 7/7
  3148 | D:5      | XOM: harmless Conj miscast
  3150 | D:5      | Reached skill level 6 in Fighting
  3173 | D:5      | XOM: silly message
  3305 | D:5      | XOM: polymorph ice beast -> big kobold
  3313 | D:5      | XOM: blink monster(s)
  3315 | D:5      | Reached skill level 7 in Fighting
  3660 | D:5      | XOM: potion effect (berserk rage)
  3760 | D:5      | Found a staircase to the Ecumenical Temple.
  3895 | D:5      | XOM: god gift: 2 needles of paralysis
  3965 | Temple   | Entered the Ecumenical Temple
  4133 | D:6      | XOM: confuse monster(s)
  4141 | D:6      | Reached XP level 8. HP: 60/67 MP: 8/8
  4256 | D:6      | XOM: harmless Tloc miscast
  4393 | D:6      | Noticed Blork the orc
  4401 | D:6      | Noticed Blork
  4401 | D:6      | Blork the orc changed into Blork the giant frog
  4406 | D:6      | XOM: silly message
  4411 | D:6      | Killed Blork the giant frog
  4686 | D:6      | Reached skill level 8 in Long Blades
  4978 | D:6      | Got an ichor-stained long sword
  4979 | D:6      | Identified the +7 long sword "Ilueptok" {venom, rPois rC- Dex-5 SInv} (You found it on level 6 of the Dungeon)
  5553 | D:7      | XOM: harmless Ice miscast
  5581 | D:7      | Reached skill level 5 in Armour
  5657 | D:7      | XOM: summons 1 hostile demon
  5679 | D:7      | Reached XP level 9. HP: 66/72 MP: 9/9
  5735 | D:7      | XOM: enchant monster (bad)
  5807 | D:7      | Found a shimmering altar of Xom.
  6045 | D:8      | XOM: medium Hex miscast
  6069 | D:8      | Found a staircase to the Lair.
  6070 | D:8      | Noticed a komodo dragon
  6081 | D:8      | XOM: blink monster(s)
  6095 | D:8      | Killed a komodo dragon
  6166 | D:8      | XOM: god gift: 14 gold pieces
  6379 | D:8      | Noticed a komodo dragon
  6401 | D:8      | XOM: enchant monster (good)
  6517 | D:8      | XOM: enchant monster (bad)
  6559 | Lair:1   | Entered Level 1 of the Lair of Beasts
  6639 | Lair:1   | Noticed a spiny frog
  6650 | Lair:1   | XOM: enchant monster (good)
  6653 | Lair:1   | Killed a spiny frog
  6820 | Lair:1   | XOM: 3-stop teleportation journey
  6870 | Lair:1   | XOM: summons 9 friendly demons
  6877 | Lair:1   | Reached skill level 9 in Long Blades
  6885 | Lair:1   | Mutation became permanent: You have claws for feet. [demonic ancestry]
  6885 | Lair:1   | Reached XP level 10. HP: 19/79 MP: 11/11
  6891 | Lair:1   | XOM: colour smoke trail
  6927 | Lair:1   | XOM: 3-stop teleportation journey
  7158 | Lair:1   | XOM: enchant monster (bad)
  7188 | Lair:1   | Slain by a blink frog

Vault maps used:
D:1:      roderic_crop_circles_arrival_small, serial_curves, eino_curves_04,
          eino_curves_01
D:4:      first_bread, serial_shops, nicolae_shop_crystal,
          kennysheep_big_empty_room, corexii_leaking_fountain, uniq_natasha
D:5:      minmay_temple_entry_fiery
D:6:      minmay_gold_behind_fungi, uniq_blork_the_orc
D:7:      basic_altar
D:8:      david_lair_shrubbed
Temple:   grunt_circular_temple_18

Action                   |  1- 3 |  4- 6 |  7- 9 | 10-12 || total
-------------------------+-------+-------+-------+-------++-------
Melee: Falchion          |   148 |   143 |   183 |       ||   474
       Long sword        |       |       |   249 |     6 ||   255
Evoke: Wand              |       |       |     6 |       ||     6
  Use: Scroll            |       |     8 |     4 |       ||    12
       Potion            |       |     4 |       |       ||     4
 Stab: Paralysed         |     2 |       |     1 |       ||     3
       Petrifying        |       |     3 |       |       ||     3
       Petrified         |       |     3 |       |       ||     3
  Eat: Chunk             |     6 |     5 |    11 |     2 ||    24
       Fruit             |       |       |     2 |       ||     2
